 Dungeon Crawl Stone Soup version 0.30.1-11-g7821555f0a (webtiles) character file.

Game seed: 3413765615901206109

238 jagang the Slasher (level 6, -13/48 HPs)
             Began as a Human Monk on Jan 3, 2024.
             Mangled by Menkaure (18 damage)
             ... on level 4 of the Dungeon.
             The game lasted 00:04:03 (2351 turns).

jagang the Slasher (Human Monk)                     Turns: 2351, Time: 00:04:04

Health: -13/48     AC: 14    Str: 11    XL:     6   Next: 28%
Magic:  16/16      EV:  6    Int: 11    God:
Gold:   116        SH:  0    Dex: 17    Spells: 5/5 levels left

rFire   . . .        a - +0 falchion
rCold   . . .        d - orb {light}
rNeg    . . .        q - +0 chain mail
rPois   .            z - +0 helmet
rElec   .            l - +0 cloak
rCorr   .            (no gloves)
SInv    .            p - +2 pair of boots
Will    .....        (no amulet) Stlth
                     u - ring of magical power
HPRegen 0.28/turn    (no ring)
MPRegen 0.15/turn

%: no passive effects
@: glowing
A: no striking features
a: no special abilities


You were on level 4 of the Dungeon.
You visited 1 branch of the dungeon, and saw 4 of its levels.

You collected 116 gold pieces.

Inventory:

Hand Weapons
 a - a +0 falchion (weapon)
Missiles
 n - 13 poisoned darts (quivered)
 t - 3 boomerangs
Armour
 d - an orb of light (worn)
 l - a +0 cloak (worn)
 p - a +2 pair of boots (worn)
 q - a +0 chain mail (worn)
 z - a +0 helmet (worn)
Jewellery
 u - a ring of magical power (left hand)
Wands
 s - a wand of light (6)
Scrolls
 b - a scroll of enchant weapon {unknown}
 e - 2 scrolls of teleportation {unknown}
 h - 2 scrolls of amnesia {unknown}
 i - 4 scrolls of identify {unknown}
 k - 2 scrolls of vulnerability {unknown}
 o - a scroll of enchant armour {unknown}
 v - a scroll of fog {unknown}
 w - a scroll of fear {unknown}
 x - a scroll of noise {unknown}
 y - a scroll of blinking {unknown}
Potions
 c - a potion of ambrosia
 f - 4 potions of lignification {unknown}
 g - 2 potions of might {unknown}
 j - 4 potions of curing {unknown}
 m - a potion of heal wounds {unknown}
 r - a potion of flight {unknown}


   Skills:
 * Level 4.2 Fighting
 * Level 4.3 Long Blades
 * Level 2.9 Armour
 - Level 3.0 Dodging
 + Level 1.9 Invocations


You had 5 spell levels left.
You didn't know any spells.
Your spell library contained the following spells:

 Spells                   Type           Power      Damage    Failure   Level
 Cigotuvi's Dreadful Rot  Necr/Pois/Air  0%         N/A       100%        2
 Ignite Poison            Fire/Tmut/Pois 0%         N/A       100%        3
 Freezing Cloud           Conj/Ice/Air   0%         6-21      100%        5


Dungeon Overview and Level Annotations

Branches:
Dungeon (4/15)
 Temple: D:4-7

Altars:
Gozag

Annotations:
D:4 Menkaure


Message History

n - 13 poisoned darts (gained 1)
Things that are here:
a +0 short sword; 2 stones; a kobold corpse
i - 4 scrolls labelled OGRAANUORIZ (gained 1)
A kobold comes into view. It is wielding a +0 short sword.
The kobold shouts!
You see here 6 gold pieces.
Found 3 stones.
Menkaure, Prince of Dust comes into view.
Menkaure shouts!
The kobold hits you with a +0 short sword.
You slash the kobold!
You kill the kobold!
Menkaure calls on the powers of darkness!
Your body is wracked with pain!
Menkaure whispers in an indecipherable tongue.
You hit Menkaure but do no damage. Menkaure hits you.
You are too injured to fight recklessly!
You are too injured to fight recklessly!
You are too injured to fight recklessly!
You are too injured to fight recklessly!
You hit Menkaure.
Menkaure is lightly damaged.
Menkaure hits you!
You hit Menkaure.
Menkaure is lightly damaged.
Menkaure barely misses you.
You hit Menkaure.
Menkaure is lightly damaged.
Menkaure hits you!
* * * LOW HITPOINT WARNING * * *
You hit Menkaure.
Menkaure is moderately damaged.
You slash Menkaure!
Menkaure is severely damaged.
Menkaure hits you but does no damage.
You slash Menkaure!
Menkaure is almost destroyed.
Menkaure hits you!!
You die...

#.....#########.....#
#.....#.............#
#.....#............<###
##.....#..$.............
......(#................
#...).........####....
#.............# #....
#........###### #....
#....@...# #....
#....M...# #....
#........# #...>
#........# #####
##+####.... ########
..... (....... ......
######## ...... # #


You could see Menkaure.

Vanquished Creatures
  An ogre (D:4)
  Terence (D:2)
  Jessica (D:2)
  An iguana (D:4)
  2 adders (D:2)
  2 worms (D:2)
  4 dart slugs
  3 orcs (D:3)
  A bat (D:2)
  3 endoplasms
  A goblin (D:2)
  6 hobgoblins
  5 kobolds
  A quokka (D:1)
  5 ball pythons
  2 rats
39 creatures vanquished.

Notes
Turn   | Place    | Note
-------+----------+-------------------------------------------
     0 | D:1      | jagang the Human Monk began the quest for the Orb.
     0 | D:1      | Reached XP level 1. HP: 18/18 MP: 1/1
   161 | D:1      | Reached XP level 2. HP: 23/24 MP: 2/2
   638 | D:2      | Reached skill level 1 in Armour
   709 | D:2      | Reached XP level 3. HP: 4/29 MP: 3/3
   913 | D:2      | Noticed Terence
   996 | D:2      | Killed Terence
   997 | D:2      | Reached skill level 1 in Invocations
   997 | D:2      | Reached XP level 4. HP: 14/36 MP: 4/4
  1103 | D:2      | Noticed Jessica
  1124 | D:2      | Killed Jessica
  1288 | D:2      | Reached XP level 5. HP: 42/42 MP: 5/5
  1825 | D:3      | Found an opulent altar of Gozag.
  2189 | D:4      | Noticed an ogre
  2199 | D:4      | Killed an ogre
  2200 | D:4      | Reached XP level 6. HP: 15/48 MP: 7/7
  2339 | D:4      | Noticed Menkaure
  2351 | D:4      | Mangled by Menkaure

Illustrated notes

Levels and vault maps discovered:
D:1:      erik_arrival_orb_chamber, layout_basic, minmay_door_square
D:2:      layout_rooms, uniq_terence, uniq_jessica
D:3:      layout_rooms, nicolae_gozag_cash_rules_everything_around_me
D:4:      layout_basic, uniq_menkaure

Skill      XL: |  1  2  3  4  5 |
---------------+----------------+-----
Armour         | 1 2 |  2.9
Invocations    | 1 |  1.9
Long Blades    | 4 |  4.3
Fighting       | 4 |  4.2
Dodging        | |  3.0

Action                     |  1- 3 |  4- 6 || total
---------------------------+-------+-------++-------
  Melee: Falchion          |    72 |    65 ||   137
  Throw: Dart              |       |     3 ||     3
 Armour: Robe              |    11 |     1 ||    12
         Chain mail        |       |    22 ||    22
  Dodge: Dodged            |    64 |    21 ||    85
